 Dungeon Crawl Stone Soup version 0.24.0-13-gcf9b319 (webtiles) character file.

Game seed: 14419255846278649811, levelgen mode: deterministic

46 Bronimir the Magician (level 3, 0/19 HPs)
             Began as a Tengu Wizard on Mar 27, 2020.
             Slain by a hobgoblin
             ... wielding a +0 short sword of speed
              (7 damage)
             ... on level 2 of the Dungeon.
             The game lasted 00:04:26 (1606 turns).

Bronimir the Magician (Tengu Wizard)                Turns: 1606, Time: 00:04:26

Health: 0/19       AC:  2    Str:  7    XL:     3   Next: 68%
Magic:  5/9        EV: 12    Int: 19    God:
Gold:   24         SH:  0    Dex: 12    Spells: 2/9 levels left

rFire    . . .     SeeInvis .   a - +0 hand axe
rCold    . . .     Gourm    .   (no shield)
rNeg     . . .     Faith    .   n - +0 robe
rPois    .         Spirit   .   b - +0 hat
rElec    .         Reflect  .   (no cloak)
rCorr    .         Harm     .   (no gloves)
MR       .....                  (boots unavailable)
Stlth    ++........             (no amulet)
HPRegen  0.06/turn              (no ring)
MPRegen  0.11/turn              (no ring)

@: no status effects
A: beak, talons 3
a: no special abilities


You were on level 2 of the Dungeon.
You were not hungry.

You visited 1 branch of the dungeon, and saw 2 of its levels.

You collected 24 gold pieces.

Inventory:

Hand Weapons
 a - a +0 hand axe (weapon)
 c - a +0 dagger
 i - a +1 dagger of venom
Missiles
 g - 8 stones (quivered)
 m - 12 bolts
Armour
 b - a +0 hat (worn)
 n - a +0 robe (worn)
Jewellery
 h - a cursed ring of teleportation {unknown}
Scrolls
 e - 2 scrolls of fog {unknown}
 f - 3 scrolls of identify {unknown}
 l - 2 scrolls of remove curse {unknown}
Potions
 j - a potion of haste {unknown}
Comestibles
 d - 7 rations


   Skills:
 + Level 0.3 Short Blades
 * Level 1.2 Armour
 + Level 2.4 Dodging
 - Level 2.0 Stealth
 * Level 3.7 Spellcasting
 * Level 2.0 Conjurations
 * Level 1.4 Summonings
 - Level 0.7 Translocations


You had 2 spell levels left.
You knew the following spells:

 Your Spells              Type           Power        Failure   Level  Hunger
a - Magic Dart            Conj           ##..         6%          1    None
b - Call Imp              Summ           #.......     12%         2    ##.....
c - Blink                 Tloc           N/A          16%         2    ##.....
d - Slow                  Hex            #.......     22%         2    ##.....

Your spell library contained the following spells:

 Spells                   Type           Power        Failure   Level  Hunger
 Conjure Flame            Conj/Fire      #.......     28%         3    ###....
 Mephitic Cloud           Conj/Pois/Air  #.......     32%         3    ###....


Dungeon Overview and Level Annotations

Branches:
Dungeon (2/15)

Altars:


Innate Abilities, Weirdness & Mutations

You have a beak for a mouth.
You have claws for feet.


Message History

A beastly little devil appears in a puff of flame.
The hobgoblin shouts!
Casting: Call Imp (safe; 12% risk of failure)
Confirm with . or Enter, or press ? or * to list all spells.
A beastly little devil appears in a puff of flame.
The hobgoblin throws a stone.
The stone hits your crimson imp.
Your crimson imp blinks!
The hobgoblin barely misses you.
The hobgoblin hits you with a +0 short sword of speed.
Your crimson imp blinks!
You see here a stone.
You hit the hobgoblin but do no damage. Your kick misses the hobgoblin.
The hobgoblin hits you with a +0 short sword of speed.
You are too injured to fight recklessly!
You are too injured to fight recklessly!
The hobgoblin throws a stone.
The stone hits you.
Your crimson imp blinks!
You see here a stone.
The hobgoblin hits you with a +0 short sword of speed!
You die...

......## #... ..#...##
#..# .......## #..# #
........####..#. .#
.#............#.###.#
.##...#######>##...#
##.########.# #.#
............###g######.
########..)...ยง@55......
#########(#####.. #.# #..
####


You could see a hobgoblin and 2 friendly crimson imps.

Vanquished Creatures
  2 oozes (D:1)
  2 leopard geckos (D:1)
  6 bats (D:1)
  A giant cockroach (D:1)
  4 hobgoblins
  2 jackals (D:1)
  6 kobolds
  A frilled lizard (D:2)
  4 goblins (D:1)
  2 rats (D:1)
30 creatures vanquished.

Vanquished Creatures (collateral kills)
  2 worms (D:2)
  A kobold (D:2)
3 creatures vanquished.

Grand Total: 33 creatures vanquished

Notes
Turn   | Place    | Note
-------+----------+-------------------------------------------
     0 | D:1      | Bronimir the Tengu Wizard began the quest for the Orb.
     0 | D:1      | Reached XP level 1. HP: 10/10 MP: 5/5
   194 | D:1      | Reached XP level 2. HP: 15/15 MP: 7/7
   580 | D:1      | Reached XP level 3. HP: 19/19 MP: 9/9
   897 | D:1      | Reached skill level 1 in Armour
   907 | D:1      | Learned a level 2 spell: Call Imp
   910 | D:1      | Learned a level 2 spell: Blink
   913 | D:1      | Learned a level 2 spell: Slow
  1606 | D:2      | Slain by a hobgoblin

Levels and vault maps discovered:
D:1:      dpeg_arrival_chase, layout_loops_corners
D:2:      layout_loops_ring, amethyst_overflow_temple_binary, first_ration

Skill      XL: |  1  2  3 |
---------------+----------+-----
Conjurations   | 2 |  2.0
Armour         | 1 |  1.2
Short Blades   | |  0.3
Dodging        | |  2.4
Stealth        | |  2.0
Spellcasting   | |  3.7
Summonings     | |  1.4
Translocations | |  0.7

Action                   || total
-------------------------++-------
Melee: Dagger            ||    66
       Unarmed           ||     6
       Peck              ||     6
       Kick              ||    16
       Hand axe          ||     3
 Cast: Magic Dart        ||    11
       Call Imp          ||     8
       Blink             ||     1
 Stab: Sleeping          ||     3
  Eat: Chunk             ||     2
Armor: Robe              ||    15
Dodge: Dodged            ||    53
